Map: Apotheosis LE

Players

Stalker

  • Race: Protoss Protoss
  • League: Diamond

Deh - Winner!

  • Race: Protoss Protoss
  • League: Master

VOD

Have the link to the VOD?

Description

Time

  • Played on: Sept. 13, 2016, 3:05 p.m.
  • Length: 20:39
Show
View Real Time Build Order
Export as new Build Order

Stalker Protoss 

Build Orders: Blink Stalkers 

Get SALT Encoding   

  12  0:01  Probe (Chrono Boost)  
  13  0:11  Probe (Chrono Boost)  
  14  0:18  Pylon  
  14  0:23  Probe (Chrono Boost)  
  15  0:37  Gateway, Probe (Chrono Boost)  
  15  0:42  Assimilator  
  16  0:47  Probe (Chrono Boost)  
  17  0:54  Assimilator  
  17  0:58  Probe (Chrono Boost)  
  18  1:06  Gateway  
  19  1:11  Probe (Chrono Boost)  
  19  1:22  Probe (Chrono Boost)  
  20  1:27  Cybernetics Core  
  20  1:32  Probe (Chrono Boost)  
  21  1:43  Probe (Chrono Boost), Pylon  
  22  1:53  Probe (Chrono Boost)  
  23  1:55  Warp Gate  
  23  2:03  Adept  
  23  2:04  Probe (Chrono Boost)  
  26  2:19  Adept  
  30  2:24  Mothership Core (Chrono Boost)  
  30  2:43  Nexus  
  30  2:58  Pylon  
  30  3:04  Pylon  
  31  3:15  Twilight Council  
  31  3:16  Stalker  
  33  3:20  Probe (Chrono Boost)  
  33  3:32  Probe (Chrono Boost)  
  36  3:44  Probe (Chrono Boost)  
  37  3:49  Robotics Facility  
  36  3:56  Probe (Chrono Boost)  
  36  3:57  Probe (Chrono Boost)  
  36  3:58  Blink  
  37  4:07  Probe (Chrono Boost)  
  37  4:08  Probe (Chrono Boost)  
  39  4:16  Dark Shrine  
  39  4:17  Probe (Chrono Boost)  
  39  4:18  Stalker  
  39  4:22  Probe (Chrono Boost)  
  43  4:28  Probe (Chrono Boost)  
  43  4:30  Adept  
  46  4:32  Probe (Chrono Boost)  
  46  4:37  Observer  
  49  4:38  Probe (Chrono Boost)  
  49  4:43  Probe (Chrono Boost), Assimilator  
  50  4:45  Assimilator  
  50  4:49  Probe (Chrono Boost)  
  50  4:52  Stalker  
  53  4:53  Probe (Chrono Boost)  
  54  5:00  Probe (Chrono Boost)  
  54  5:02  Warp Prism  
  54  5:04  Probe (Chrono Boost)  
  58  5:11  Stalker  
  58  5:15  Probe (Chrono Boost)  
  58  5:19  Gateway  
  58  5:20  Gateway  
  59  5:24  Stalker  
  59  5:26  Probe (Chrono Boost)  
  62  5:38  Pylon  
  62  5:41  Pylon  
  62  5:56  Probe x2 (Chrono Boost), Pylon, Immortal  
  68  5:59  Stalker x2  
  72  6:07  Probe x2 (Chrono Boost)  
  74  6:18  Nexus  
  74  6:22  Dark Templar  
  76  6:26  Dark Templar  
  76  6:30  Dark Templar  
  76  6:32  Probe x2 (Chrono Boost)  
  82  6:42  Immortal  
  86  6:52  Pylon  
  86  6:58  Nexus  
  86  6:59  Pylon  
  86  7:07  Probe (Chrono Boost)  
  81  7:17  Probe (Chrono Boost)  
  81  7:18  Probe (Chrono Boost), Stalker x2  
  81  7:19  Stalker x2  
  91  7:26  Immortal  
  95  7:30  Pylon  
  95  7:32  Pylon  
  95  7:40  Probe (Chrono Boost)  
  95  7:41  Adept x2  
  98  7:46  Adept x2  
  102  7:55  Robotics Facility  
  102  7:56  Gateway  
  102  7:57  Pylon  
  102  8:00  Gateway  
  102  8:08  Sentry x3  
  102  8:09  Sentry  
  110  8:14  Probe x2 (Chrono Boost)  
  110  8:19  Immortal  
  114  8:27  Pylon  
  114  8:33  Adept x2  
  118  8:35  Dark Templar  
  118  8:38  Pylon  
  118  8:39  Assimilator  
  120  8:41  Assimilator  
  120  8:50  Immortal  
  120  8:55  Forge  
  124  8:56  Pylon  
  124  9:02  Adept x4  
  132  9:06  Probe x3 (Chrono Boost)  
  135  9:13  Warp Prism  
  137  9:22  Protoss Ground Weapons Level 1  
  137  9:26  Templar Archives  
  137  9:28  Forge  
  137  9:32  Dark Templar x3  
  137  9:38  Archon  
  142  9:39  Dark Templar x2  
  146  9:56  Dark Templar  
  146  9:58  Immortal x2  
  156  10:00  Protoss Shields Level 1  
  156  10:12  Nexus  
  156  10:13  High Templar  
  158  10:15  High Templar  
  158  10:19  Archon  
  158  10:20  Pylon  
  158  10:21  Adept x2  
  164  10:33  Pylon  
  164  10:36  Photon Cannon, Pylon  
  164  10:40  Photon Cannon, Pylon  
  164  10:47  Immortal  
  164  10:48  Observer  
  169  10:51  High Templar x2  
  169  10:53  Adept x2  
  169  10:55  Archon  
  177  11:02  Photon Cannon  
  177  11:05  Gateway  
  177  11:06  Gateway  
  177  11:10  Assimilator  
  177  11:15  Assimilator  
  177  11:21  Stalker x3  
  169  11:31  Adept x3  
  149  11:49  Stalker  
  149  11:50  Stalker x2  
  119  11:59  Dark Templar  
  119  12:00  Dark Templar x2  
  83  12:22  Immortal  
  84  12:23  Immortal  
  84  12:24  Protoss Ground Armor Level 1  
  84  12:28  High Templar  
  84  12:29  High Templar x3  
  94  12:30  High Templar  
  96  12:40  Archon x3  
  96  12:42  Stalker x3  
  102  12:51  Pylon  
  102  12:53  Gateway, Pylon  
  102  12:56  Gateway, Immortal  
  102  12:57  Immortal  
  102  13:00  Pylon  
  102  13:02  Charge, Pylon  
  110  13:06  Zealot x2  
  110  13:08  Sentry x2  
  110  13:09  Protoss Ground Weapons Level 2  
  118  13:18  Stalker x2  
  122  13:34  High Templar  
  122  13:35  High Templar, Warp Prism  
  122  13:36  Adept x2  
  122  13:39  Archon  
  132  13:55  Nexus  
  132  13:57  Pylon  
  132  13:59  Pylon  
  132  14:03  High Templar x3  
  132  14:04  Zealot x2  
  132  14:05  Zealot  
  132  14:08  Archon  
  132  14:09  Adept  
  146  14:18  Assimilator  
  145  14:25  Adept x6  
  157  14:32  Immortal  
  161  14:47  Warp Prism  
  161  14:50  Protoss Shields Level 2  
  163  14:56  Nexus  
  163  14:57  High Templar  
  163  14:58  High Templar x3  
  163  14:59  Pylon  
  171  15:05  Archon x3, Pylon  
  171  15:15  Assimilator  
  171  15:16  Adept x3  
  171  15:19  Zealot  
  179  15:23  Zealot  
  178  15:28  Zealot  
  178  15:47  Stalker  
  178  15:48  Stalker x2  
  184  15:56  Sentry x2  
  184  15:57  Sentry x2  
  192  16:14  Photon Cannon  
  174  16:40  Nexus  
  174  16:41  Sentry x3, Pylon  
  174  16:42  Sentry x3  
  153  17:12  Zealot x4  
  153  17:13  Zealot  
  133  17:21  Dark Templar  
  127  17:24  Probe (Chrono Boost)  
  127  17:25  Probe (Chrono Boost)  
  109  17:38  Dark Templar  
  109  17:39  Protoss Ground Weapons Level 3  
  111  17:44  Probe (Chrono Boost)  
  111  17:45  Probe (Chrono Boost)  
  111  18:08  Probe (Chrono Boost)  
  111  18:09  Probe (Chrono Boost)  
  111  18:19  Probe (Chrono Boost)  
  111  18:21  Probe (Chrono Boost)  
  111  18:24  Templar Archives  
  95  18:54  Stalker x3  
  95  18:55  Stalker x2  
  79  19:11  Zealot x3  
  75  19:18  Probe (Chrono Boost)  
  75  19:19  Probe (Chrono Boost)  
  75  19:20  Probe (Chrono Boost)  
  56  19:24  Zealot x2  
  56  19:25  Zealot  
  56  19:29  Probe (Chrono Boost)  
  56  19:30  Probe (Chrono Boost)  
  56  19:35  Assimilator  
  56  19:37  High Templar x2  
  60  19:42  High Templar x2  
  60  19:43  Archon  
  64  19:52  High Templar  
  66  19:53  Zealot x2  
  66  19:59  Archon, Assimilator  
  70  20:11  Probe (Chrono Boost)  
  75  20:15  Adept  
  75  20:16  Adept  
  75  20:19  Probe (Chrono Boost)  
  80  20:31  Zealot  
  80  20:32  Zealot x2  
Show
View Real Time Build Order
Export as new Build Order

Deh Protoss - Winner!

Build Orders: 1 Gate Expand 

Get SALT Encoding   

  12  0:01  Probe (Chrono Boost)  
  13  0:12  Probe (Chrono Boost)  
  14  0:22  Pylon  
  14  0:23  Probe (Chrono Boost)  
  15  0:40  Probe (Chrono Boost)  
  15  0:41  Gateway  
  16  0:45  Assimilator  
  16  0:50  Probe (Chrono Boost)  
  17  1:01  Probe (Chrono Boost)  
  18  1:12  Probe (Chrono Boost)  
  19  1:25  Nexus  
  19  1:33  Cybernetics Core  
  19  1:38  Assimilator  
  19  1:42  Probe (Chrono Boost)  
  20  1:54  Probe (Chrono Boost)  
  20  1:58  Gateway  
  21  2:05  Probe (Chrono Boost)  
  21  2:06  Pylon  
  23  2:15  Warp Gate, Probe (Chrono Boost)  
  23  2:24  Stalker  
  25  2:31  Mothership Core (Chrono Boost)  
  27  2:42  Stalker  
  27  2:47  Pylon  
  30  2:51  Probe (Chrono Boost)  
  30  2:59  Stalker  
  33  3:06  Probe (Chrono Boost)  
  33  3:16  Robotics Facility  
  33  3:21  Probe (Chrono Boost)  
  33  3:23  Probe (Chrono Boost)  
  35  3:32  Stalker  
  36  3:38  Stalker  
  39  3:42  Probe (Chrono Boost)  
  39  3:56  Twilight Council  
  39  3:58  Probe x2 (Chrono Boost)  
  41  4:04  Immortal  
  45  4:12  Probe (Chrono Boost)  
  46  4:22  Pylon  
  46  4:24  Stalker x2  
  48  4:29  Blink  
  50  4:31  Pylon  
  50  4:39  Assimilator  
  50  4:42  Probe (Chrono Boost)  
  50  4:43  Probe (Chrono Boost)  
  52  5:02  Probe (Chrono Boost)  
  53  5:08  Immortal  
  53  5:13  Probe (Chrono Boost)  
  57  5:14  Probe (Chrono Boost)  
  57  5:23  Gateway  
  57  5:25  Gateway, Probe (Chrono Boost)  
  57  5:27  Probe (Chrono Boost)  
  59  5:33  Stalker x2  
  63  5:37  Probe (Chrono Boost)  
  64  5:44  Gateway  
  64  5:45  Observer  
  64  5:47  Gateway  
  65  5:54  Pylon  
  65  5:58  Stalker  
  65  5:59  Stalker  
  69  6:07  Pylon  
  69  6:08  Probe (Chrono Boost), Assimilator  
  69  6:10  Observer  
  70  6:18  Robotics Bay  
  72  6:19  Probe (Chrono Boost)  
  72  6:22  Probe (Chrono Boost)  
  73  6:26  Immortal  
  77  6:35  Probe (Chrono Boost)  
  77  6:38  Probe (Chrono Boost)  
  79  6:43  Stalker x2  
  84  6:47  Probe (Chrono Boost)  
  84  6:50  Pylon  
  74  7:02  Stalker x2  
  74  7:04  Immortal  
  72  7:21  Probe x2 (Chrono Boost)  
  74  7:33  Probe (Chrono Boost)  
  74  7:35  Probe (Chrono Boost)  
  76  7:38  Immortal  
  80  7:50  Probe (Chrono Boost)  
  82  8:06  Probe (Chrono Boost)  
  82  8:08  Forge  
  82  8:14  Disruptor  
  82  8:18  Robotics Facility  
  87  8:20  Probe (Chrono Boost)  
  87  8:21  Probe (Chrono Boost)  
  87  8:26  Protoss Ground Weapons Level 1  
  87  8:30  Nexus  
  87  8:37  Templar Archives  
  89  8:41  Probe x2 (Chrono Boost), Forge  
  89  8:42  Pylon  
  89  8:46  Pylon  
  89  8:50  Observer  
  89  8:53  Probe (Chrono Boost)  
  91  9:00  Probe (Chrono Boost)  
  91  9:02  Stalker x2  
  96  9:05  Probe (Chrono Boost)  
  96  9:06  Protoss Ground Armor Level 1  
  97  9:12  Photon Cannon, Probe (Chrono Boost)  
  99  9:18  Probe (Chrono Boost), Disruptor  
  103  9:24  Probe (Chrono Boost)  
  103  9:28  Immortal  
  103  9:30  Probe (Chrono Boost)  
  108  9:36  Probe (Chrono Boost)  
  109  9:40  Assimilator  
  109  9:41  Assimilator  
  109  9:42  Probe (Chrono Boost)  
  110  9:49  Probe (Chrono Boost)  
  110  9:54  Probe (Chrono Boost), Immortal  
  108  10:01  Probe (Chrono Boost)  
  108  10:02  Probe (Chrono Boost)  
  108  10:06  Probe (Chrono Boost)  
  111  10:17  Nexus, Disruptor  
  111  10:20  High Templar x2  
  111  10:21  Stalker x3  
  120  10:24  Archon  
  124  10:32  Probe (Chrono Boost)  
  124  10:33  Pylon  
  124  10:35  Protoss Ground Weapons Level 2  
  125  10:36  Pylon  
  125  10:45  Protoss Shields Level 1  
  125  10:46  Pylon  
  125  10:48  Pylon  
  125  10:51  Photon Cannon, Probe (Chrono Boost)  
  125  10:52  Probe x2 (Chrono Boost)  
  125  10:56  Observer, Disruptor  
  133  11:05  Probe (Chrono Boost)  
  133  11:11  Gateway x2  
  133  11:15  Probe (Chrono Boost)  
  134  11:19  Gateway x2  
  113  11:33  Zealot x2  
  113  11:38  Stalker x2  
  113  11:39  Stalker x3  
  118  11:44  Probe x2 (Chrono Boost)  
  118  11:45  Probe x2 (Chrono Boost)  
  117  11:52  Stalker  
  105  11:57  Probe x2 (Chrono Boost)  
  94  12:04  Probe (Chrono Boost)  
  94  12:07  Pylon, Stalker x2  
  94  12:08  Stalker x2  
  89  12:15  Stalker  
  89  12:16  Stalker x3  
  97  12:23  Probe (Chrono Boost)  
  97  12:24  Probe (Chrono Boost)  
  97  12:28  Probe (Chrono Boost)  
  98  12:34  Photon Cannon  
  100  12:37  Probe x2 (Chrono Boost)  
  100  12:38  Photon Cannon, Pylon  
  100  12:41  Assimilator  
  100  12:43  Assimilator, Pylon  
  100  12:44  High Templar x5  
  102  12:46  Protoss Ground Weapons Level 3  
  102  12:48  Disruptor  
  113  12:55  Archon  
  113  12:56  Archon  
  113  12:59  Stalker  
  113  13:04  Probe (Chrono Boost)  
  116  13:11  Photon Cannon  
  117  13:14  Probe (Chrono Boost), Stalker x2  
  117  13:15  Photon Cannon  
  117  13:18  High Templar, Stalker  
  117  13:19  Stalker  
  127  13:22  Probe (Chrono Boost)  
  127  13:23  Probe (Chrono Boost)  
  127  13:24  Archon, Probe (Chrono Boost)  
  130  13:28  Disruptor  
  130  13:29  Charge  
  130  13:32  Probe (Chrono Boost)  
  130  13:34  Probe (Chrono Boost), Pylon  
  135  13:40  Pylon  
  135  13:44  Disruptor  
  138  13:58  Nexus  
  138  13:59  Probe x2 (Chrono Boost)  
  142  14:02  Photon Cannon  
  142  14:03  Probe x2 (Chrono Boost)  
  142  14:04  Pylon  
  142  14:08  Disruptor  
  145  14:19  Disruptor  
  148  14:31  Stalker x4  
  152  14:32  Zealot, Stalker x3  
  152  14:33  Zealot  
  163  14:56  Stalker  
  163  14:57  Stalker x5  
  175  15:01  Immortal  
  175  15:02  Immortal  
  175  15:04  Probe (Chrono Boost)  
  184  15:11  Probe (Chrono Boost)  
  185  15:14  Photon Cannon  
  185  15:16  Photon Cannon  
  185  15:18  Photon Cannon  
  181  15:38  Stalker  
  181  15:39  Zealot x2, Stalker x3  
  181  15:40  Stalker  
  195  15:44  Immortal  
  199  15:54  Assimilator  
  199  15:55  Assimilator  
  199  15:58  Gateway  
  199  15:59  Gateway  
  199  16:01  Gateway  
  199  16:03  Pylon  
  199  16:04  Pylon  
  185  16:17  Stalker x2  
  185  16:18  Zealot x2, Stalker x3  
  197  16:19  Disruptor  
  197  16:23  Disruptor  
  191  16:55  Disruptor  
  191  16:59  Immortal  
  153  17:32  Probe (Chrono Boost), Immortal  
  150  17:38  Immortal  
  144  17:56  Stalker x5  
  144  17:57  Stalker x5  
  160  18:09  Photon Cannon  
  160  18:11  Pylon, Immortal  
  164  18:18  Immortal  
  168  18:23  Stalker x4  
  168  18:24  Stalker  
  178  18:28  Nexus  
  178  18:29  Pylon  
  178  18:30  Pylon  
  149  18:48  Stalker  
  149  18:49  Stalker x5  
  149  18:50  Stalker  
  149  18:51  Observer  
  143  19:08  High Templar x2  
  143  19:09  High Templar  
  132  19:10  Immortal  
  132  19:13  Stalker  
  132  19:14  Stalker  
  132  19:16  Archon  
  133  19:18  High Templar  
  133  19:19  Stalker x2  
  121  19:31  Archon  
  121  19:33  Probe (Chrono Boost)  
  121  19:34  Probe x2 (Chrono Boost)  
  121  19:37  Immortal  
  124  19:44  Nexus  
  128  19:45  Pylon  
  128  19:48  Pylon  
  126  19:52  High Templar x2  
  126  19:53  High Templar x2, Stalker x3  
  126  19:55  High Templar  
  126  19:56  Archon  
  126  19:57  Archon  
  126  19:59  High Templar  
  144  20:13  Archon  
  144  20:17  Probe (Chrono Boost)  
  145  20:27  Probe (Chrono Boost)  
  148  20:31  Stalker x4  
  148  20:32  Stalker x2  
  148  20:33  High Templar x3  
  166  20:36  Assimilator  
  166  20:38  Archon  
Tags
 
Add a new tag
Caveats
  • Supply blocks, unpowered buildings, or Contaminate may cause inaccurate times.
  • Supply counts are checked every 10 seconds.